 Dungeon Crawl Stone Soup version 0.30-a0-451-ge042605de7 (webtiles) character file.

Game seed: 11982352900324570522

96 Lobster4 the Caller (level 4, 0/32 HPs)
             Began as a Human Summoner on Dec 11, 2022.
             Killed from afar by Ijyb (12 damage)
             ... with a bolt of light
             ... on level 3 of the Dungeon.
             The game lasted 00:06:08 (2256 turns).

Lobster4 the Caller (Human Summoner)                Turns: 2256, Time: 00:06:08

Health: 0/32       AC:  2    Str:  8    XL:     4   Next: 98%
Magic:  7/7        EV: 12    Int: 17    God:
Gold:   130        SH:  0    Dex: 14    Spells: 4/7 levels left

rFire   . . .      SeeInvis .    b - +0 sling
rCold   . . .      Faith    .    (no shield)
rNeg    . . .      Spirit   .    g - +0 robe
rPois   .          Reflect  .    (no helmet)
rElec   .          Harm     .    (no cloak)
rCorr   .          Rampage  .    (no gloves)
Will    .....                    (no boots)
Stlth   +.........               (no amulet)
HPRegen 0.25/turn                (no ring)
MPRegen 0.10/turn                (no ring)

@: confused
A: no striking features
a: no special abilities


You were on level 3 of the Dungeon.
You visited 1 branch of the dungeon, and saw 3 of its levels.

You collected 130 gold pieces.

Inventory:

Hand Weapons
 a - a +0 short sword
 b - a +0 sling (weapon)
 e - a +0 dagger
Missiles
 o - 2 throwing nets
Armour
 d - a +0 ring mail
 g - a +0 robe (worn)
Scrolls
 i - a scroll of amnesia {unknown}
 j - 4 scrolls of identify {unknown}
 k - a scroll of fog {unknown}
 l - a scroll of immolation {unknown}
 n - a scroll of torment {unknown}
 q - a scroll of enchant weapon {unknown}
 r - a scroll of blinking {unknown}
Potions
 c - 2 potions of flight {unknown}
 f - a potion of curing {unknown}
 h - a potion of brilliance {unknown}
 p - a potion of haste {unknown}
 s - a potion of lignification {unknown}


   Skills:
 + Level 1.2 Fighting
 + Level 1.2 Armour
 + Level 2.4 Dodging
 + Level 2.4 Stealth
 + Level 2.3 Spellcasting
 * Level 4.8 Summonings


You had 4 spell levels left.
You knew the following spells:

 Your Spells              Type           Power      Damage    Failure   Level
a - Summon Small Mammal   Summ           72%        N/A       2%          1
b - Call Imp              Summ           18%        N/A       4%          2

Your spell library contained the following spells:

 Spells                   Type           Power      Damage    Failure   Level
 Call Canine Familiar     Summ           18%        N/A       8%          3
 Summon Guardian Golem    Hex/Summ       10%        N/A       22%         3
 Ignite Poison            Fire/Tmut/Pois 1%         N/A       50%         3
 Kindle Blastsparks       Fire/Tloc/Air  2%         2d10      50%         3
 Summon Lightning Spire   Summ/Air       10%        N/A       56%         4
 Freezing Cloud           Conj/Ice/Air   0%         6-21      99%         5


Dungeon Overview and Level Annotations

Branches:
Dungeon (3/15)

Altars:
Xom

Annotations:
D:3 Ijyb


Message History

Your quokka bites Ijyb.
Your shadow imp gestures at Ijyb.
Ijyb barely resists.
Your quokka barely misses Ijyb.
Ijyb hits your shadow imp with a +0 dagger.
Your quokka bites Ijyb but does no damage.
Your shadow imp closely misses Ijyb.
Ijyb misses your shadow imp.
Your quokka closely misses Ijyb.
Your shadow imp hits Ijyb.
Casting: Summon Small Mammal (safe; 2% risk of failure)
Confirm with . or Enter, or press ? or * to list all spells.
Ijyb zaps a wand.
The bolt of light hits your shadow imp!
Your shadow imp dies!
Your shadow imp disappears in a puff of smoke!
Your quokka misses Ijyb.
Unknown command.
Ijyb hits your quokka with a +0 dagger.
Your quokka dies!
Your quokka's corpse disappears in a puff of smoke!
Casting: Summon Small Mammal (safe; 2% risk of failure)
Confirm with . or Enter, or press ? or * to list all spells.
A beastly little devil appears in a puff of frigid air.
Your rat misses Ijyb.
Unknown command.
Ijyb hits your rat with a +0 dagger.
Your rat dies!
Your rat's corpse disappears in a puff of smoke!
You swap places.
Ijyb zaps a wand.
The bolt of light hits your white imp!!
Your white imp dies!
Your white imp disappears in a puff of smoke!
The bolt of light hits you!
Casting: Call Imp (safe; 4% risk of failure)
Confirm with . or Enter, or press ? or * to list all spells.
You don't have enough magic to cast this spell.
You aren't carrying any items that you can evoke.
Okay, then.
Magic courses through your body.
Ijyb zaps a wand.
The bolt of light hits you!
You are confused.
You die...

#......###.####
#.......#...5.#
#.......#.....#
#.......#.....#
#.......#.....#
#...g...#.....#
####'#####.####
#######.# #.#
.......@# #.#
########### #.#
#.....#########[#
#...............#
#.###.###########
#..#..# #.....#
###########
##.#..#
#.........#
#..#.)#
#.#######.#


You could see Ijyb.

Vanquished Creatures
  A worm (D:2)
  A dart slug (D:2)
  An orc (D:3)
  An endoplasm (D:1)
  A goblin (D:2)
  2 hobgoblins
  A kobold (D:2)
  A bat (D:1)
  A frilled lizard (D:2)
  3 rats
13 creatures vanquished.

Vanquished Creatures (collateral kills)
  A gnoll (D:1)
  2 adders (D:2)
  A worm (D:3)
  2 dart slugs
  5 orcs (D:3)
  2 endoplasms
  A giant cockroach (D:1)
  2 goblins
  5 hobgoblins
  A jackal (D:2)
  4 kobolds
  3 quokkas
  3 ball pythons
  3 bats
  2 frilled lizards (D:1)
37 creatures vanquished.

Grand Total: 50 creatures vanquished

Notes
Turn   | Place    | Note
-------+----------+-------------------------------------------
     0 | D:1      | Lobster4 the Human Summoner began the quest for the Orb.
     0 | D:1      | Reached XP level 1. HP: 13/13 MP: 3/3
   269 | D:1      | Reached XP level 2. HP: 19/19 MP: 1/5
   319 | D:1      | Learned a level 2 spell: Call Imp
   415 | D:1      | Reached XP level 3. HP: 22/25 MP: 1/6
  1170 | D:2      | Reached skill level 1 in Fighting
  1247 | D:2      | Noticed a floating eye
  1293 | D:2      | Noticed a shining eye
  1300 | D:2      | Found a faded altar of an unknown god.
  1302 | D:2      | Noticed a floating eye
  1302 | D:2      | Noticed a floating eye
  1359 | D:2      | Found a shimmering altar of Xom.
  1479 | D:2      | Reached XP level 4. HP: 31/32 MP: 1/7
  1480 | D:2      | Reached skill level 1 in Armour
  2218 | D:3      | Noticed Ijyb
  2256 | D:3      | Killed from afar by Ijyb

Illustrated notes

Levels and vault maps discovered:
D:1:      psy_arrival_radial02, layout_loops_ring, minmay_cut_off
D:2:      layout_loops_ring, hellmonk_ecumenical_altar_watching_god,
          basic_altar, minmay_pentomino_x4
D:3:      layout_basic, uniq_ijyb

Skill      XL: |  1  2  3  4 |
---------------+-------------+-----
Fighting       | 1 |  1.2
Armour         | 1 |  1.2
Dodging        | |  2.4
Stealth        | |  2.4
Spellcasting   | |  2.3
Summonings     | |  4.8

Action                   |  1- 3 |  4- 6 || total
-------------------------+-------+-------++-------
Melee: Dagger            |     8 |       ||     8
       Unarmed           |     2 |       ||     2
       Short sword       |    22 |       ||    22
 Fire: Sling             |    24 |    27 ||    51
 Cast: Summon Small Mamm |    26 |    19 ||    45
       Call Imp          |    11 |     9 ||    20
  Use: Potion            |       |     1 ||     1
 Stab: Distracted        |     2 |       ||     2
Armor: Robe              |    16 |     1 ||    17
Dodge: Dodged            |    48 |     8 ||    56

Table legend: (Time is in decaauts)
 A = Elapsed time spent in this place.
 B = Non-inter-level travel time spent in this place.
 C = Inter-level travel time spent in this place.
 D = Time resting spent in this place.
 E = Time spent auto-exploring this place.
 F = Levels seen in this place.
 G = Mean time per level.
                   A        B        C        D        E       F      G
               +--------+--------+--------+--------+--------+-----+--------+
         Total |   2274 |   2193 |     81 |     59 |   1632 |   3 |  758.0 |
       Dungeon |   2274 |   2193 |     81 |     59 |   1632 |   3 |  758.0 |
               +--------+--------+--------+--------+--------+-----+--------+

Top non-repeatable levels by time:
     D:1: 1061 daAuts
     D:2: 914 daAuts
     D:3: 298 daAuts
